[Event "ONJK-DE 2019"]
[Site "Borne"]
[Date "2019.08.06"]
[Round "2.10"]
[White "Arnold, Rhys"]
[Black "De Vreugt Pezo, Max"]
[Result "1-0"]
[ECO "C21"]
[WhiteElo "1604"]
[BlackElo "1007"]
[Annotator "NA"]
[PlyCount "65"]
[EventDate "2019.08.05"]
[EventType "swiss"]
[EventCountry "NED"]
[SourceTitle "playchess.com"]
[Source "ChessBase"]
[SourceQuality "1"]
[TimeControl "2400+30"]

1. e4 e5 2. d4 f6 3. dxe5 fxe5 4. Qh5+ g6 5. Qxe5+ Qe7 6. Qxh8 Qxe4+ 7. Be3 Ne7 8. Qc3 Kd8 9. Nf3 Nec6 10. Bd3 Qe8 11. O-O d6 12. Re1 Qf7 13. Bg5+ Be7 14. Bxe7+ Nxe7 15. Nbd2 Nbc6 16. Bb5 Bd7 17. Bxc6 Bxc6 18. Nd4 a6 19. Nxc6+ bxc6 20. Nf3 Kd7 21. Rad1 Nd5 22. Qb3 Qf8 23. Qc4 Qf5 24. Nd4 Qg5 25. Qxc6+ Kc8 26. Re8+ Qd8 27. Rxd8+ Kxd8 28. Qxa8+ Kd7 29. Qxd5 c5 30. Qc6+ Ke7 31. Re1+ Kf7 32. Qd7+ Kf6 33. Qe7# 1-0

[Event "ONJK-DE 2019"]
[Site "Borne"]
[Date "2019.08.06"]
[Round "2.11"]
[White "Geldof, Wouter"]
[Black "Cappan, Stan"]
[Result "0-1"]
[ECO "C47"]
[WhiteElo "892"]
[BlackElo "1319"]
[Annotator "NA"]
[PlyCount "112"]
[EventDate "2019.08.05"]
[EventType "swiss"]
[EventCountry "NED"]
[SourceTitle "playchess.com"]
[Source "ChessBase"]
[SourceQuality "1"]
[TimeControl "2400+30"]

1. e4 e5 2. Nf3 Nc6 3. Nc3 Nf6 4. d3 h6 5. Bd2 Bc5 6. Be2 d6 7. O-O O-O 8. h3 Be6 9. Qc1 Qd7 10. Bxh6 gxh6 11. Qxh6 Nh7 12. Ng5 Nxg5 13. Qxg5+ Kh8 14. Qh6+ Kg8 15. Kh2 f6 16. f4 Qg7 17. Qh4 Kf7 18. Rf3 Ke7 19. Rg3 Qf7 20. Qh6 Kd8 21. Rg7 Qe8 22. f5 Bf7 23. Qxf6+ Qe7 24. Qh6 Kc8 25. Nd5 Qe8 26. Bg4 b6 27. Nf6 Qd8 28. Nh7 Rh8 29. Rxf7 Kb7 30. Be2 Qe8 31. Qg7 Rc8 32. Nf6 Qd8 33. a4 Be3 34. Ra3 Bf4+ 35. g3 Bh6 36. Qg6 Nd4 37. Bd1 a5 38. Rc3 Rf8 39. Bh5 Rxf7 40. Qxf7 Bg5 41. Qd5+ Ka7 42. Nh7 Qe7 43. Nxg5 Qxg5 44. Qf7 Qd2+ 45. Kg1 Qe1+ 46. Kg2 Ne2 47. Bxe2 Qxe2+ 48. Kg1 Qe3+ 49. Kg2 Qe2+ 50. Kg1 Qf3 51. Kh2 Qf2+ 52. Kh1 Qxg3 53. Qd7 Qxh3+ 54. Kg1 Rg8+ 55. Kf2 Rg2+ 56. Kf1 Qh1# 0-1

[Event "ONJK-DE 2019"]
[Site "Borne"]
[Date "2019.08.06"]
[Round "2.12"]
[White "De Rycke, Killian"]
[Black "Sapulette, Jay-Giani"]
[Result "1-0"]
[ECO "C55"]
[WhiteElo "1319"]
[BlackElo "908"]
[Annotator "NA"]
[PlyCount "131"]
[EventDate "2019.08.05"]
[EventType "swiss"]
[EventCountry "NED"]
[SourceTitle "playchess.com"]
[Source "ChessBase"]
[SourceQuality "1"]
[TimeControl "2400+30"]

1. e4 e5 2. Nf3 Nc6 3. Nc3 Nf6 4. Bc4 Bb4 5. a3 Bxc3 6. bxc3 d5 7. exd5 Nxd5 8. O-O Be6 9. d3 Nxc3 10. Qe1 Nd5 11. Nxe5 Nd4 12. Ra2 Nc6 13. Bb5 Qd6 14. Bxc6+ bxc6 15. Nc4 Qd8 16. f4 f5 17. Qxe6+ Ne7 18. Re1 Qd4+ 19. Qe3 Qxe3+ 20. Rxe3 Kf8 21. Rg3 Re8 22. Bb2 Rg8 23. Ne5 Nd5 24. Nxc6 Nxf4 25. Rf3 Ne2+ 26. Kf1 g6 27. Ne5 Nc1 28. Nxg6+ hxg6 29. Bxc1 Kf7 30. Re3 Rb8 31. Rb2 Rge8 32. Rxe8 Rxe8 33. Rb7 Ke6 34. Rxa7 Rb8 35. Ke2 Re8 36. Kd2 Kd6 37. Ra6+ Kd7 38. Rxg6 Rf8 39. Kd1 Rh8 40. h3 Ra8 41. Rf6 Ra5 42. g4 fxg4 43. hxg4 Ra4 44. g5 Rg4 45. c4 Rg1+ 46. Kc2 Rg2+ 47. Kc3 Ke7 48. Ra6 Rg1 49. Bd2 Kd7 50. g6 c6 51. Ra7+ Kc8 52. Rg7 Kd8 53. a4 Ke8 54. a5 Kf8 55. Rf7+ Kg8 56. Rf6 Kg7 57. Rxc6 Ra1 58. Kb2 Rd1 59. Bc3+ Kg8 60. Kc2 Rg1 61. a6 Ra1 62. Bxa1 Kf8 63. Rc7 Ke8 64. a7 Kd8 65. Rh7 Kc8 66. a8=Q# 1-0

[Event "ONJK-DE 2019"]
[Site "Borne"]
[Date "2019.08.06"]
[Round "2.13"]
[White "Colli Lopez, Samuel Santiago"]
[Black "Mainka, Ingmar"]
[Result "0-1"]
[ECO "B21"]
[WhiteElo "2112"]
[BlackElo "1287"]
[Annotator "ChessBase"]
[PlyCount "56"]
[EventDate "2019.08.05"]
[EventType "swiss"]
[EventCountry "NED"]
[SourceTitle "playchess.com"]
[Source "ChessBase"]
[SourceQuality "1"]
[TimeControl "2400+30"]

1. e4 c5 2. Nf3 d6 3. d4 cxd4 4. c3 Nf6 5. cxd4 Nxe4 6. d5 Nf6 7. Bb5+ Bd7 8. Qe2 Nxd5 9. Ng5 Qa5+ 10. Nc3 Nxc3 11. Bxd7+ Nxd7 12. Qf3 Ne4+ 13. Kf1 Qb5+ 14. Ke1 Nxg5 15. Bxg5 Qxg5 16. Qxb7 Rb8 17. Qxa7 Qxg2 18. Rf1 Qe4+ 19. Kd1 Qd3+ 20. Ke1 Rxb2 21. Qe3 Qxe3+ 22. fxe3 g6 23. Rc1 Nc5 24. Ra1 Bg7 25. h3 Bc3+ 26. Kd1 Rd2+ 27. Kc1 Nd3+ 28. Kb1 Rb2# 0-1

[Event "ONJK-DE 2019"]
[Site "Borne"]
[Date "2019.08.06"]
[Round "2.14"]
[White "Madularea, David"]
[Black "Westerhof, Fleur"]
[Result "1-0"]
[ECO "E70"]
[WhiteElo "1234"]
[BlackElo "876"]
[Annotator "NA"]
[PlyCount "155"]
[EventDate "2019.08.05"]
[EventType "swiss"]
[EventCountry "NED"]
[SourceTitle "playchess.com"]
[Source "ChessBase"]
[SourceQuality "1"]
[TimeControl "2400+30"]

1. d4 Nf6 2. c4 g6 3. Bf4 Bg7 4. Nc3 d6 5. e4 O-O 6. Qd2 c5 7. d5 Nbd7 8. Nf3 Nb6 9. h3 Nh5 10. Bh6 e6 11. Bxg7 Nxg7 12. Qh6 Nh5 13. Ng5 Nf6 14. e5 dxe5 15. Nce4 Re8 16. Bd3 exd5 17. Nxf6+ Qxf6 18. Qxh7+ Kf8 19. Nxf7 Qxf7 20. Qh8+ Qg8 21. Qf6+ Qf7 22. Qd6+ Qe7 23. Qxe7+ Rxe7 24. cxd5 Nxd5 25. Bxg6 Nb4 26. a3 Nd5 27. O-O-O Nf4 28. Rd8+ Kg7 29. Bf5 Ne2+ 30. Kd2 Nd4 31. Rxc8 Rxc8 32. Bxc8 Rf7 33. f3 b6 34. Re1 Kf6 35. Kd3 Rg7 36. Bg4 Rg8 37. h4 Rd8 38. Kc3 Rh8 39. h5 Nc6 40. Rh1 Kg5 41. Kc4 Kf4 42. Kd5 Rh6 43. Rh4 Kg3 44. Rh3+ Kxg2 45. Ke4 Kf2 46. Kf5 Ke3 47. Kg5 Rh8 48. h6 Rg8+ 49. Kf6 e4 50. h7 Rh8 51. Kg7 Rd8 52. h8=Q Rxh8 53. Kxh8 exf3 54. Bxf3 Ne5 55. Ba8+ Kd4 56. Rh7 Nc4 57. Rh4+ Kd3 58. b4 Nxa3 59. Rh3+ Kc4 60. Rxa3 Kxb4 61. Rxa7 b5 62. Ra1 c4 63. Bc6 Kc5 64. Bd7 b4 65. Kg7 b3 66. Bf5 Kb4 67. Kf6 c3 68. Rc1 b2 69. Rf1 Kb3 70. Ke5 c2 71. Rf3+ Ka2 72. Bxc2 b1=Q 73. Bxb1+ Kxb1 74. Rf2 Kc1 75. Kd4 Kd1 76. Kd3 Ke1 77. Rf5 Kd1 78. Rf1# 1-0

[Event "ONJK-DE 2019"]
[Site "Borne"]
[Date "2019.08.06"]
[Round "3.1"]
[White "Pick, Max"]
[Black "Schoonenwolf, Jack"]
[Result "1-0"]
[ECO "D53"]
[WhiteElo "1515"]
[BlackElo "1225"]
[Annotator "NA"]
[PlyCount "129"]
[EventDate "2019.08.05"]
[EventType "swiss"]
[EventCountry "NED"]
[SourceTitle "playchess.com"]
[Source "ChessBase"]
[SourceQuality "1"]
[TimeControl "2400+30"]

1. c4 Nf6 2. d4 e6 3. Nf3 Nc6 4. Bg5 Be7 5. Nc3 d5 6. e3 Nh5 7. Bxe7 Nxe7 8. Bd3 Nc6 9. a3 a5 10. Qc2 Nf6 11. Rc1 O-O 12. c5 Re8 13. Ne5 h6 14. f4 Nxe5 15. fxe5 Nd7 16. Qf2 Qg5 17. h4 Qh5 18. Kd2 Rf8 19. Ne2 f5 20. exf6 Nxf6 21. Qg3 Rf7 22. Bg6 Ne4+ 23. Bxe4 dxe4 24. Nf4 Qf5 25. Rcf1 Bd7 26. Qg6 Bb5 27. Qxf5 exf5 28. Ra1 c6 29. b4 Rf6 30. Rhg1 g5 31. hxg5 hxg5 32. Nh3 Rg6 33. g4 fxg4 34. Rxg4 axb4 35. Rxg5 Rxg5 36. Nxg5 Rxa3 37. Rxa3 bxa3 38. Kc3 a2 39. Kb2 Bc4 40. Nxe4 Kg7 41. Nd6 Bd5 42. Nxb7 Kf6 43. Nd6 Ke6 44. e4 Bxe4 45. Nxe4 Kd5 46. Nd6 Kxd4 47. Nb7 a1=Q+ 48. Kxa1 Kc4 49. Kb2 Kb4 50. Kc2 Kc4 51. Kd2 Kd4 52. Ke2 Ke4 53. Kf2 Kf4 54. Kg2 Ke4 55. Kg3 Ke5 56. Kf3 Ke6 57. Ke4 Kd7 58. Ke5 Ke7 59. Nd8 Kd7 60. Nf7 Ke7 61. Nd6 Kd8 62. Ke6 Kc7 63. Nc4 Kb8 64. Kd6 Kb7 65. Kd7 1-0

[Event "ONJK-DE 2019"]
[Site "Borne"]
[Date "2019.08.06"]
[Round "3.2"]
[White "Hesse, Lukas"]
[Black "Froeyman, Hugo"]
[Result "0-1"]
[ECO "B13"]
[WhiteElo "1539"]
[BlackElo "1598"]
[Annotator "NA"]
[PlyCount "52"]
[EventDate "2019.08.05"]
[EventType "swiss"]
[EventCountry "NED"]
[SourceTitle "playchess.com"]
[Source "ChessBase"]
[SourceQuality "1"]
[TimeControl "2400+30"]

1. e4 c6 2. Nf3 d5 3. exd5 cxd5 4. d4 Nf6 5. Nc3 Bf5 6. Bf4 e6 7. a3 Be7 8. Nb5 Na6 9. Bd3 Bxd3 10. Qxd3 O-O 11. Be5 Ne4 12. h4 Qa5+ 13. b4 Bxb4+ 14. Ke2 Be7 15. Bf4 Rfc8 16. Ng5 Qa4 17. Rac1 Qxb5 18. Nxe4 Qxd3+ 19. Kxd3 dxe4+ 20. Kxe4 Bxa3 21. Rb1 Nc7 22. Rxb7 Nd5 23. Bg3 Bb4 24. Kd3 Rc3+ 25. Ke4 Rxc2 26. Ke5 Re2# 0-1

[Event "ONJK-DE 2019"]
[Site "Borne"]
[Date "2019.08.06"]
[Round "3.3"]
[White "Ponomarev, Ivan"]
[Black "Tangarife Ramirez, Katja"]
[Result "1-0"]
[ECO "B08"]
[WhiteElo "1317"]
[BlackElo "1186"]
[Annotator "NA"]
[PlyCount "107"]
[EventDate "2019.08.05"]
[EventType "swiss"]
[EventCountry "NED"]
[SourceTitle "playchess.com"]
[Source "ChessBase"]
[SourceQuality "1"]
[TimeControl "2400+30"]

1. e4 g6 2. d4 Bg7 3. Nf3 d6 4. Bc4 Nf6 5. Nc3 O-O 6. Bb3 Bg4 7. h3 Bxf3 8. Qxf3 Nbd7 9. g4 e5 10. Be3 Qe7 11. d5 c6 12. h4 cxd5 13. Nxd5 Nxd5 14. Bxd5 Nf6 15. Bg5 h6 16. Bxf6 Qxf6 17. Qxf6 Bxf6 18. g5 hxg5 19. hxg5 Bxg5 20. Rg1 Bf6 21. Rxg6+ Bg7 22. O-O-O Kh7 23. Rxd6 Rad8 24. Bxb7 Rb8 25. Rh1+ Kg8 26. Bd5 Rbd8 27. Ra6 Rd7 28. Rg1 Kh7 29. Rh1+ Kg8 30. Rh3 Rfd8 31. c4 Rc8 32. Rha3 Bf8 33. Rxa7 Rxd5 34. exd5 Bxa3 35. Rxa3 Rxc4+ 36. Kd2 Kf8 37. d6 Ke8 38. Re3 f6 39. b3 Rf4 40. f3 Kd7 41. Rd3 f5 42. Ke3 Rh4 43. Rd5 f4+ 44. Ke4 Rh2 45. Kxe5 Rxa2 46. Kxf4 Rb2 47. Rd3 Rb1 48. Kf5 Rc1 49. f4 Rc5+ 50. Kg4 Rc8 51. f5 Rg8+ 52. Kf4 Rf8 53. b4 Rf7 54. b5 1-0

[Event "ONJK-DE 2019"]
[Site "Borne"]
[Date "2019.08.06"]
[Round "3.4"]
[White "Ekker, Joshua"]
[Black "Broos, Oscar"]
[Result "1/2-1/2"]
[ECO "B22"]
[WhiteElo "1450"]
[BlackElo "1012"]
[Annotator "NA"]
[PlyCount "67"]
[EventDate "2019.08.05"]
[EventType "swiss"]
[EventCountry "NED"]
[SourceTitle "playchess.com"]
[Source "ChessBase"]
[SourceQuality "1"]
[TimeControl "2400+30"]

1. e4 c5 2. c3 Nc6 3. d4 b6 4. Bf4 d6 5. Bb5 Bd7 6. Bxc6 Bxc6 7. d5 Bd7 8. Nf3 Qc7 9. O-O e6 10. dxe6 fxe6 11. e5 d5 12. Na3 Ne7 13. c4 d4 14. Qd2 Nf5 15. Rac1 Bc6 16. Qd3 Be7 17. g4 Nh6 18. Bxh6 gxh6 19. Nd2 Qb7 20. Qh3 Bg5 21. Qh5+ Kd8 22. f4 Be8 23. Qh3 Be7 24. Qxh6 Bd7 25. Qg7 Re8 26. Qxh7 Qc6 27. g5 Bc8 28. g6 Bb7 29. Nf3 Kd7 30. g7 Qe4 31. Qh6 Qe3+ 32. Kg2 Qe2+ 33. Kg3 Qxb2 34. Nc2 1/2-1/2

[Event "ONJK-DE 2019"]
[Site "Borne"]
[Date "2019.08.06"]
[Round "3.5"]
[White "Van Steijn, Jefta"]
[Black "Wieggers, Wouter"]
[Result "1/2-1/2"]
[ECO "B01"]
[WhiteElo "947"]
[BlackElo "1288"]
[Annotator "NA"]
[PlyCount "127"]
[EventDate "2019.08.05"]
[EventType "swiss"]
[EventCountry "NED"]
[SourceTitle "playchess.com"]
[Source "ChessBase"]
[SourceQuality "1"]
[TimeControl "2400+30"]

1. e4 d5 2. exd5 Nf6 3. c4 e6 4. dxe6 Bxe6 5. d4 Bb4+ 6. Bd2 Bxd2+ 7. Qxd2 O-O 8. Nf3 Re8 9. Ne5 Nbd7 10. Be2 Nxe5 11. dxe5 Nd7 12. f4 f6 13. exf6 Bxc4 14. Nc3 Nxf6 15. O-O-O Qxd2+ 16. Rxd2 Bxe2 17. Rxe2 Rxe2 18. Nxe2 Re8 19. Nc3 Kf7 20. Nb5 Nd5 21. g3 Kg8 22. Rd1 c6 23. Nd6 Re7 24. Nf5 Re2 25. Rd2 Re6 26. Kc2 g6 27. Nd4 Re3 28. a3 Re8 29. Kd3 Rd8 30. Ke2 Re8+ 31. Kf2 Nf6 32. Kg2 Nd5 33. Kf2 Nf6 34. Kg2 Ng4 35. h3 Ne3+ 36. Kf2 Nc4 37. Rc2 Nd6 38. Kf3 Kf7 39. h4 h6 40. Kg4 h5+ 41. Kf3 Nf5 42. Nxf5 gxf5 43. Rc5 Kf6 44. b4 Rd8 45. Rc3 Rd5 46. Kf2 Ke6 47. a4 Rd4 48. Rb3 Kd5 49. Ke3 Kc4 50. Rb1 Rd3+ 51. Kf2 Rb3 52. Re1 Kxb4 53. Re5 c5 54. Rxf5 c4 55. Ke2 Rb2+ 56. Kd1 c3 57. Kc1 Ka3 58. Rc5 Kb4 59. Rc7 b6 60. Rxa7 Kb3 61. Rb7 Rc2+ 62. Kb1 Rb2+ 63. Kc1 Rc2+ 64. Kb1 1/2-1/2

[Event "ONJK-DE 2019"]
[Site "Borne"]
[Date "2019.08.06"]
[Round "3.6"]
[White "Van Leeuwen, Robin"]
[Black "Waersegers, Brent"]
[Result "1/2-1/2"]
[ECO "C34"]
[WhiteElo "1446"]
[BlackElo "947"]
[Annotator "NA"]
[PlyCount "96"]
[EventDate "2019.08.05"]
[EventType "swiss"]
[EventCountry "NED"]
[SourceTitle "playchess.com"]
[Source "ChessBase"]
[SourceQuality "1"]
[TimeControl "2400+30"]

1. e4 e5 2. f4 exf4 3. Nf3 c6 4. d4 d5 5. e5 f6 6. Bxf4 c5 7. c3 Nc6 8. Be2 Bg4 9. O-O Qb6 10. exf6 Nxf6 11. Ne5 Bxe2 12. Qxe2 Ne4 13. Nxc6 Qxc6 14. Nd2 Be7 15. Nxe4 dxe4 16. Be5 Bf6 17. Bxf6 gxf6 18. Rae1 cxd4 19. Qxe4+ Qxe4 20. Rxe4+ Kf7 21. Rxd4 Rad8 22. Rfd1 Rde8 23. Rd7+ Re7 24. Kf2 Rg8 25. R1d5 Rg6 26. Kf3 h6 27. g3 b6 28. a4 a5 29. Rxe7+ Kxe7 30. Rb5 f5 31. Rxf5 Ke6 32. Rb5 Rf6+ 33. Ke3 Ke7 34. b4 Rc6 35. Kd3 Rd6+ 36. Kc2 axb4 37. cxb4 Rc6+ 38. Kb3 Kd7 39. a5 bxa5 40. bxa5 Ra6 41. Kb4 Kc6 42. Rc5+ Kd6 43. Kb5 Rxa5+ 44. Kxa5 Kxc5 45. Ka6 Kd5 46. Kb5 Ke4 47. Kc4 Kf3 48. Kd3 h5 1/2-1/2

[Event "ONJK-DE 2019"]
[Site "Borne"]
[Date "2019.08.06"]
[Round "3.7"]
[White "Boumphrey, Luke S"]
[Black "Feng, Elysia"]
[Result "0-1"]
[ECO "D35"]
[WhiteElo "1926"]
[BlackElo "1314"]
[Annotator "NA"]
[PlyCount "78"]
[EventDate "2019.08.05"]
[EventType "swiss"]
[EventCountry "NED"]
[SourceTitle "playchess.com"]
[Source "ChessBase"]
[SourceQuality "1"]
[TimeControl "2400+30"]

1. d4 d5 2. c4 e6 3. cxd5 exd5 4. Nc3 Nf6 5. Bg5 Bb4 6. a3 Bxc3+ 7. bxc3 h6 8. Bh4 Nc6 9. Nf3 Bf5 10. e3 Qd6 11. Bb5 a6 12. Ba4 O-O 13. O-O Rfe8 14. Rb1 b5 15. Bc2 Bg4 16. h3 Bh5 17. Ra1 Rad8 18. Qd3 Bxf3 19. gxf3 Na5 20. Rfe1 Nc4 21. Bb3 Rc8 22. Bxc4 dxc4 23. Qf5 Nh7 24. Qg4 c5 25. Rad1 cxd4 26. Rxd4 Qxa3 27. Rc1 Qxc1+ 28. Kh2 Qxc3 29. Qg3 Kh8 30. Rf4 g5 31. Rxf7 gxh4 32. Qxh4 Qe5+ 33. f4 Qe6 34. Ra7 Ra8 35. Rc7 Qf6 36. Qg4 Rg8 37. Qd7 Rg7 38. Rc8+ Rxc8 39. Qxc8+ Rg8 0-1

[Event "ONJK-DE 2019"]
[Site "Borne"]
[Date "2019.08.06"]
[Round "3.8"]
[White "Faybish, Dana"]
[Black "Ekker, Maxim"]
[Result "0-1"]
[ECO "C50"]
[WhiteElo "1254"]
[BlackElo "976"]
[Annotator "NA"]
[PlyCount "188"]
[EventDate "2019.08.05"]
[EventType "swiss"]
[EventCountry "NED"]
[SourceTitle "playchess.com"]
[Source "ChessBase"]
[SourceQuality "1"]
[TimeControl "2400+30"]

1. e4 e5 2. Nf3 Nc6 3. Bc4 Nf6 4. d3 Bc5 5. Nc3 d6 6. h3 O-O 7. Bg5 h6 8. Bh4 Be6 9. Bb3 Bb4 10. O-O Bxc3 11. bxc3 a6 12. a4 b6 13. Qd2 Kh8 14. Bd5 Bxd5 15. exd5 Na5 16. Nh2 g5 17. Bxg5 hxg5 18. Qxg5 Nh7 19. Qf5 Qc8 20. Qe4 Rg8 21. Qh4 Qe8 22. Rfe1 Qd8 23. Qh5 Qg5 24. Qf3 f6 25. g3 Qd2 26. Re4 Qxc3 27. Rf1 Qd2 28. Rh4 Qg5 29. Rh5 Qg6 30. Re1 Raf8 31. Re4 Rg7 32. Reh4 Nb7 33. Ng4 f5 34. Ne3 f4 35. Ng2 Rff7 36. gxf4 exf4 37. Kh1 Kg8 38. Qe4 Qxe4 39. dxe4 f3 40. Nf4 Nc5 41. Rh6 Rf6 42. Rxf6 Nxf6 43. Ne6 Nxe6 44. dxe6 Kf8 45. Rf4 Ke7 46. Rxf3 Kxe6 47. Re3 Rh7 48. f4 Rh4 49. e5 dxe5 50. Rxe5+ Kd7 51. Rf5 Ke7 52. Kg2 Rh8 53. Rg5 Rg8 54. Rxg8 Nxg8 55. Kg3 Kf6 56. Kg4 Kg6 57. f5+ Kf6 58. h4 Nh6+ 59. Kh5 Nxf5 60. Kg4 Kg6 61. Kf4 Kf6 62. Ke4 c6 63. h5 Nh6 64. Kd4 Ke6 65. Kc4 Ke5 66. Kb4 a5+ 67. Kc4 Ke4 68. c3 Nf5 69. Kb3 Kd3 70. Kb2 Kc4 71. Kc2 b5 72. axb5 cxb5 73. Kb2 a4 74. Kc2 a3 75. Kb1 Kxc3 76. Ka2 b4 77. Ka1 Kb3 78. Kb1 a2+ 79. Ka1 Kc2 80. Kxa2 b3+ 81. Ka3 b2 82. Kb4 b1=Q+ 83. Kc5 Qd1 84. Kc6 Qd4 85. Kc7 Qd5 86. Kc8 Qd6 87. h6 Nxh6 88. Kb7 Qc5 89. Kb8 Qe7 90. Kc8 Kc3 91. Kb8 Kb4 92. Ka8 Kb5 93. Kb8 Kb6 94. Kc8 Qc7# 0-1

[Event "ONJK-DE 2019"]
[Site "Borne"]
[Date "2019.08.06"]
[Round "3.9"]
[White "Kazarjan, Gachatur"]
[Black "Madularea, David"]
[Result "0-1"]
[ECO "B33"]
[WhiteElo "1490"]
[BlackElo "1234"]
[Annotator "NA"]
[PlyCount "60"]
[EventDate "2019.08.05"]
[EventType "swiss"]
[EventCountry "NED"]
[SourceTitle "playchess.com"]
[Source "ChessBase"]
[SourceQuality "1"]
[TimeControl "2400+30"]

1. e4 c5 2. Nf3 Nc6 3. d4 cxd4 4. Nxd4 Nf6 5. Nc3 d6 6. f3 e5 7. Ndb5 a6 8. Na3 b5 9. Nd5 Nxd5 10. exd5 Ne7 11. b4 Qb6 12. Rb1 Qd4 13. Qxd4 exd4 14. Bb2 Nxd5 15. Bxd4 Bf5 16. Bd3 Bxd3 17. cxd3 Nf4 18. g3 Ne6 19. Be3 Rc8 20. Bd2 g6 21. O-O Bg7 22. Rbc1 O-O 23. Nc2 Bb2 24. Ne3 Bxc1 25. Bxc1 Rc3 26. Bb2 Rxd3 27. Ng4 Nd4 28. Ba1 f5 29. Nf2 Rd2 30. Kg2 Nc2 0-1

[Event "ONJK-DE 2019"]
[Site "Borne"]
[Date "2019.08.06"]
[Round "3.10"]
[White "Mainka, Ingmar"]
[Black "Arnold, Rhys"]
[Result "1/2-1/2"]
[ECO "B33"]
[WhiteElo "1287"]
[BlackElo "1604"]
[Annotator "NA"]
[PlyCount "93"]
[EventDate "2019.08.05"]
[EventType "swiss"]
[EventCountry "NED"]
[SourceTitle "playchess.com"]
[Source "ChessBase"]
[SourceQuality "1"]
[TimeControl "2400+30"]

1. e4 c5 2. Nf3 Nc6 3. d4 cxd4 4. Nxd4 e5 5. Nf3 Nf6 6. Bg5 d6 7. Nc3 Be7 8. Bc4 a6 9. Bxf6 Bxf6 10. O-O O-O 11. Nd2 Be6 12. Bd5 Bxd5 13. Nxd5 Rc8 14. c3 Bg5 15. Nc4 Ne7 16. Nce3 Bxe3 17. Nxe3 Qd7 18. Qb3 Rfd8 19. Rad1 Rc5 20. c4 Rcc8 21. Nd5 Nxd5 22. Rxd5 Qc6 23. Rfd1 b6 24. h3 h6 25. Qb4 a5 26. Qb5 Qxb5 27. Rxb5 Rxc4 28. Rxe5 Rc6 29. Red5 Kf8 30. e5 Ke7 31. exd6+ Rdxd6 32. Re1+ Kd7 33. Red1 Ke7 34. Re1+ Kf8 35. Rde5 Re6 36. Rxe6 Rxe6 37. Kf1 Ke7 38. Rxe6+ Kxe6 39. Ke2 f6 40. Ke3 Ke5 41. f4+ Kd5 42. Kd3 b5 43. b3 b4 44. g4 g6 45. h4 h5 46. g5 f5 47. Ke3 1/2-1/2

[Event "ONJK-DE 2019"]
[Site "Borne"]
[Date "2019.08.06"]
[Round "3.11"]
[White "Cappan, Stan"]
[Black "Huizingh, Lucas"]
[Result "1-0"]
[ECO "C40"]
[WhiteElo "1319"]
[BlackElo "100"]
[Annotator "NA"]
[PlyCount "45"]
[EventDate "2019.08.05"]
[EventType "swiss"]
[EventCountry "NED"]
[SourceTitle "playchess.com"]
[Source "ChessBase"]
[SourceQuality "1"]
[TimeControl "2400+30"]

1. e4 e5 2. Nf3 Bc5 3. Nc3 Qf6 4. Nd5 Qg6 5. Nxc7+ Kd8 6. Nxa8 Nc6 7. d3 Qf6 8. Bg5 Bb4+ 9. c3 Qxg5 10. Nxg5 Be7 11. Nxf7+ Ke8 12. Nxh8 d6 13. Qh5+ g6 14. Nxg6 Nf6 15. Nc7+ Kd7 16. Qg5 Ne8 17. Nxe7 Kxc7 18. Nd5+ Kd7 19. Qf5+ Kd8 20. Qf7 Bg4 21. f3 Bc8 22. g3 Ne7 23. Qxe7# 1-0

[Event "ONJK-DE 2019"]
[Site "Borne"]
[Date "2019.08.06"]
[Round "3.12"]
[White "Boonen, Arvo"]
[Black "De Rycke, Killian"]
[Result "1-0"]
[ECO "B28"]
[WhiteElo "1129"]
[BlackElo "1319"]
[Annotator "NA"]
[PlyCount "69"]
[EventDate "2019.08.05"]
[EventType "swiss"]
[EventCountry "NED"]
[SourceTitle "playchess.com"]
[Source "ChessBase"]
[SourceQuality "1"]
[TimeControl "2400+30"]

1. e4 e6 2. d4 d5 3. e5 c5 4. c3 Nc6 5. Nf3 a6 6. Bd3 h6 7. Bf4 f6 8. exf6 Nxf6 9. O-O Bd7 10. Re1 Be7 11. Bg6+ Kf8 12. dxc5 Bxc5 13. Nd4 Nxd4 14. cxd4 Bb4 15. Nc3 Ne4 16. Re3 Bxc3 17. bxc3 Qf6 18. Bxe4 dxe4 19. Rxe4 Bc6 20. Be5 Qg5 21. Rg4 Qe7 22. Bxg7+ Qxg7 23. Rxg7 Kxg7 24. Qg4+ Kf7 25. Qf4+ Ke7 26. f3 Raf8 27. Qe3 Rhg8 28. Rf1 h5 29. c4 Kd7 30. d5 exd5 31. cxd5 Bxd5 32. Rd1 Kc6 33. Qc3+ Kd6 34. Qd3 Rg5 35. Qa3+ 1-0

[Event "ONJK-DE 2019"]
[Site "Borne"]
[Date "2019.08.06"]
[Round "3.13"]
[White "De Vreugt Pezo, Max"]
[Black "Fallaux, Storm"]
[Result "0-1"]
[ECO "C50"]
[WhiteElo "1007"]
[BlackElo "1040"]
[Annotator "NA"]
[PlyCount "138"]
[EventDate "2019.08.05"]
[EventType "swiss"]
[EventCountry "NED"]
[SourceTitle "playchess.com"]
[Source "ChessBase"]
[SourceQuality "1"]
[TimeControl "2400+30"]

1. e4 e5 2. Nf3 Nc6 3. Nc3 Nf6 4. Bc4 Bc5 5. h3 d6 6. d3 h6 7. Bd2 Be6 8. Bd5 Bxd5 9. Nxd5 O-O 10. O-O Nd4 11. c3 Nxf3+ 12. Qxf3 Nxd5 13. exd5 f5 14. Qe2 Qd7 15. Be3 Bxe3 16. Qxe3 Qb5 17. b3 Qxd5 18. Rfc1 f4 19. Qe4 Qxe4 20. dxe4 Rad8 21. c4 c6 22. Rd1 b5 23. Rac1 bxc4 24. Rxc4 c5 25. Ra4 Rd7 26. Rc4 Rfd8 27. Rc2 Kf7 28. Rcd2 Ke6 29. Kf1 Rb7 30. Rd5 Rdd7 31. f3 Rb4 32. Ke2 Rd4 33. R5xd4 exd4 34. Kd3 d5 35. Re1 g5 36. exd5+ Kxd5 37. Re2 a6 38. Re4 Rd6 39. Re2 Re6 40. Rxe6 Kxe6 41. Ke4 a5 42. a3 h5 43. Kd3 Kd5 44. a4 h4 45. Kc2 c4 46. bxc4+ Kxc4 47. Kd2 d3 48. Kd1 Kb4 49. Kd2 Kxa4 50. Kxd3 Kb3 51. Ke4 a4 52. Kf5 a3 53. Kxg5 a2 54. Kxh4 a1=Q 55. Kg4 Qf6 56. Kh5 Qg7 57. h4 Qxg2 58. Kh6 Qxf3 59. h5 Qxh5+ 60. Kxh5 f3 61. Kg4 f2 62. Kg3 f1=Q 63. Kg4 Kc4 64. Kg5 Kd5 65. Kg4 Ke4 66. Kg5 Qf5+ 67. Kh4 Qg6 68. Kh3 Kf3 69. Kh2 Qg2# 0-1

[Event "ONJK-DE 2019"]
[Site "Borne"]
[Date "2019.08.06"]
[Round "3.14"]
[White "Visser, Alma"]
[Black "Pereira Garza, Cecilia"]
[Result "0-1"]
[ECO "C02"]
[WhiteElo "671"]
[BlackElo "966"]
[Annotator "NA"]
[PlyCount "74"]
[EventDate "2019.08.05"]
[EventType "swiss"]
[EventCountry "NED"]
[SourceTitle "playchess.com"]
[Source "ChessBase"]
[SourceQuality "1"]
[TimeControl "2400+30"]

1. e4 e6 2. d4 d5 3. e5 c5 4. dxc5 Bxc5 5. Bb5+ Nc6 6. Bd2 Bd7 7. b4 Bd4 8. c3 Bxe5 9. f4 Bd6 10. Nf3 Nf6 11. O-O Qb6+ 12. Nd4 Nxd4 13. Bxd7+ Nxd7 14. Be3 e5 15. cxd4 exf4 16. Bf2 O-O 17. a3 Qc7 18. Qd2 f3 19. g3 Nf6 20. Qe3 Rfe8 21. Qxf3 Ne4 22. Be3 Re6 23. Ra2 Rf6 24. Qh5 Rxf1+ 25. Kxf1 Qc4+ 26. Re2 Bxg3 27. Qg4 Bxh2 28. Bh6 Ng3+ 29. Kf2 g6 30. Re3 Qc2+ 31. Kf3 Qd1+ 32. Kf4 Ne4+ 33. Rg3 Bxg3+ 34. Ke3 Qxg4 35. Kd3 Bf2 36. Bc1 Rc8 37. Bb2 Qf3# 0-1